 Dungeon Crawl Stone Soup version 0.17.1-1-g73c8601 (webtiles) character file.

7042 Goblin1989 the Covert (level 11, -13/56 HPs)
             Began as a Vine Stalker Assassin on Jan 2, 2016.
             Was a Priest of Dithmenos.
             Mangled by a polar bear (17 damage)
             ... on level 1 of the Lair of Beasts.
             The game lasted 01:07:31 (9836 turns).

Goblin1989 the Covert (Vine Stalker Assassin)       Turns: 9836, Time: 01:07:32

Health: -13/56     AC: 17    Str: 18    XL:     11   Next: 9%
Magic:  0/12       EV: 11    Int: 11    God:    Dithmenos [***...]
Gold:   517        SH:  0    Dex: 18    Spells: 2 memorised, 5 levels left

rFire  . . .     SeeInvis .     e - +0 dagger (speed)
rCold  + . .     Clarity  +     x - +5 ring mail of Resourcefulness {*Drain +Blink MR+ Str+3}
rNeg   . . .     SustAt   .     (no shield)
rPois  .         Gourm    .     z - +0 helmet
rElec  .         Spirit   +     d - +0 cloak
rCorr  .         Warding  .     u - +0 pair of gloves
rMut   .         Stasis   .     y - +1 pair of boots
MR     ++...                    J - amulet of clarity
Stlth  +++++++...               (no ring)
                                M - ring of protection from cold

@: wreathed by umbra, very resistant to hostile enchantments, extremely stealthy
A: fangs 3, slimy green scales 1, mutation resistance 1, regeneration 2, magic
shield, antimagic bite, no device heal 3, rot immunity
a: Shadow Step, Renounce Religion, Evoke Blink


You were on level 1 of the Lair of Beasts.
You worshipped Dithmenos.
Dithmenos was most pleased with you.
You were not hungry.

You visited 3 branches of the dungeon, and saw 12 of its levels.

You collected 517 gold pieces.

Inventory:

Hand Weapons
 a - a +2 dagger
 b - a +0 blowgun
 e - a +0 dagger of speed (weapon)
 w - a +0 dagger of protection
 B - the +9 hand axe of Grontol {speed, rC++ rN+ Stlth+}
   (You found it on level 6 of the Dungeon)

   Attacks with this weapon are significantly faster.
   It greatly protects you from cold.
   It protects you from negative energy.
   It makes you more stealthy.
Missiles
 E - 4 needles of confusion
 N - a throwing net (quivered)
 P - 35 poisoned needles
Armour
 d - a +0 cloak (worn)
 u - a +0 pair of gloves (worn)
 x - the +5 ring mail of Resourcefulness (worn) {*Drain +Blink MR+ Str+3}
   (You found it on level 5 of the Dungeon)

   It affects your strength (+3).
   It affects your resistance to hostile enchantments.
   It lets you blink.
   It causes draining when unequipped.
 y - a +1 pair of boots (worn)
 z - a +0 helmet (worn)
 Q - a troll hide
Jewellery
 J - an amulet of clarity (around neck)
 M - a ring of protection from cold (left hand)
Wands
 o - a wand of disintegration (18)
 O - a wand of confusion (5)
Scrolls
 c - a scroll of enchant weapon {unknown}
 f - a scroll of random uselessness {unknown}
 j - a scroll of blinking {unknown}
 k - 9 scrolls of remove curse {remove curse???, unknown}
 n - 5 scrolls of enchant armour
 p - 3 scrolls of teleportation
 t - a scroll of brand weapon {unknown}
 v - a scroll of fear {unknown}
 A - 3 scrolls of magic mapping
 C - a scroll of silence {unknown}
 D - a scroll of acquirement {unknown}
 F - a scroll of fog {unknown}
Potions
 h - a potion of haste
 i - a potion of mutation {unknown}
 m - 5 potions of curing
 q - a potion of flight
 s - 2 potions of agility
Books
 l - a Grand Grimoire

   Spells                             Type                      Level
   a - Monstrous Menagerie            Summoning                    6
   b - Summon Greater Demon           Summoning                    7
   c - Malign Gateway                 Summoning/Translocation      7
   d - Summon Horrible Things         Summoning                    8
 G - a book of Hinderance

   Spells                             Type                      Level
   a - Confusing Touch                Hexes                        2
   b - Confuse                        Hexes                        3
   c - Gell's Gravitas                Hexes/Translocation          3
   d - Petrify                        Transmutation/Earth          4
   e - Metabolic Englaciation         Hexes/Ice                    5
Comestibles
 g - 9 bread rations
 H - 4 beef jerkies
 I - 8 slices of pizza
 K - 3 meat rations
 L - 3 fruits


   Skills:
 * Level 6.1 Fighting
 - Level 10.4 Short Blades
 - Level 1.7 Throwing
 - Level 2.0 Dodging
 + Level 12.2 Stealth
 * Level 4.9 Hexes


You had 5 spell levels left.
You knew the following spells:

 Your Spells              Type           Power        Failure   Level  Hunger
a - Confusing Touch       Hex            ##....       17%         2    ###....
b - Confuse               Hex            ##......     30%         3    ####...


Dungeon Overview and Level Annotations

Branches:
Dungeon (10/15)            Temple (1/1) D:6            Lair (1/8) D:10
    Orc (0/4) D:10

Altars:
Ashenzari
Cheibriados
Dithmenos
Elyvilon
Fedhas
Gozag
Kikubaaqudgha
Makhleb
Nemelex Xobeh
Okawaru
Qazlal
Ru
Sif Muna
Trog
Vehumet
Xom
Yredelemnul
Zin
The Shining One

Shops:
D:9 =

Annotations:
D:9 Anouleth's ghost, novice NaTm
D:10 exclusion: hill giant


Innate Abilities, Weirdness & Mutations

You have razor-sharp teeth.
You heal very quickly.
When hurt, damage is shared between your health and your magic reserves.
Your bite disrupts and absorbs the magic of your enemies.
Potions and wands cannot restore your health.
You are immune to rotting.
You are partially covered in slimy green scales (AC +2).
You are somewhat resistant to further mutation.


Message History

Your bite misses the polar bear.
The polar bear is severely wounded.
The polar bear goes berserk!
You hit the polar bear but do no damage.
You bite the polar bear. You drain its power.
The polar bear is severely wounded.
The polar bear bites you!! The polar bear claws you.
The polar bear claws you but does no damage.
The polar bear completely misses you.
The polar bear claws you but does no damage.
The polar bear barely misses you.
You see here a poisoned needle.
The polar bear bites you!! The polar bear claws you.
The polar bear claws you but does no damage.
The polar bear bites you!!
* * * LOW HITPOINT WARNING * * *
The polar bear claws you but does no damage. x2
The polar bear rages.
The polar bear bites you!!
You die...

..###............................
.................................
.................................
.........#####h#.#P##............
....+###.# #.#.### .....##.####
.......#.# ###.#.P# .....##.P# #
.......P.# #......## ...##....##
.........###....h..##.... #....##
.......#..#.....@.###....##.....'
.......#.###.P##..# #....#..(...#
.......#.# #.###.## #....#P....##
.........###..##..###....########
.##...##.................########
.................................
.................................
...).............................
............###.#.......#+#.###..


You could see 2 polar bears.

Vanquished Creatures
  A komodo dragon (Lair:1)
  A polar bear (Lair:1)
  A troll (D:9)
  Prince Ribbit (D:7)
  5 yaks (D:10)
  A deep elf mage (D:9)
  A hog (D:7)
  A human (D:7)
  Menkaure (D:7)
  A hungry ghost (D:7)
  2 porcupines (Lair:1)
  3 orc warriors
  6 black bears
  A sky beast (D:9)
  2 ice beasts (D:8)
  5 centaurs
  4 ogres
  A necrophage (D:5)
  A crocodile (Lair:1)
  3 big kobolds
  8 giant frogs
  3 scorpions
  6 hounds
  2 crimson imps (D:9)
  A giant frog zombie (D:4)
  A giant frog skeleton (D:8)
  2 jellies (D:8)
  12 orc wizards
  9 orc priests
  Natasha (D:3)
  7 worker ants
  5 iguanas
  11 sheep
  A hound zombie (D:7)
  9 adders
  A worker ant zombie (D:6)
  2 adder skeletons
  2 oozes
  A worm (D:3)
  2 giant geckos
  35 orcs
  2 ball pythons
  8 goblins
  8 hobgoblins
  2 jackals (D:1)
  3 quokkas
  6 bats
  9 giant cockroaches
  6 giant newts
  13 kobolds
  A quokka zombie (D:5)
  11 rats
232 creatures vanquished.

Notes
Turn   | Place    | Note
--------------------------------------------------------------
     0 | D:1      | Goblin1989 the Vine Stalker Assassin began the quest for the Orb.
     0 | D:1      | Reached XP level 1. HP: 11/11 MP: 2/2
   117 | D:1      | Reached skill level 5 in Stealth
   117 | D:1      | Reached XP level 2. HP: 15/15 MP: 3/3
   532 | D:1      | Reached XP level 3. HP: 18/18 MP: 4/4
  1140 | D:2      | Found an opulent altar of Gozag.
  1299 | D:3      | Reached XP level 4. HP: 17/23 MP: 5/5
  2157 | D:3      | Noticed Natasha
  2164 | D:3      | Killed Natasha
  2307 | D:4      | Reached XP level 5. HP: 26/26 MP: 6/6
  2396 | D:4      | Reached skill level 6 in Stealth
  2414 | D:4      | Found a stormy altar of Qazlal.
  2481 | D:4      | Noticed an ogre
  2500 | D:4      | Killed an ogre
  2500 | D:4      | Gained mutation: You heal very quickly. [Vine Stalker growth]
  2500 | D:4      | Reached XP level 6. HP: 30/30 MP: 7/7
  2668 | D:4      | Reached skill level 5 in Short Blades
  3120 | D:4      | Reached skill level 7 in Stealth
  3120 | D:4      | Reached XP level 7. HP: 4/34 MP: 8/8
  3369 | D:5      | Entered Level 5 of the Dungeon
  3447 | D:5      | Got a pitted ring mail
  3462 | D:5      | Identified the +5 ring mail of Resourcefulness {*Drain +Blink MR+ Str+3} (You found it on level 5 of the Dungeon)
  3878 | D:6      | Reached skill level 8 in Stealth
  3878 | D:6      | Gained mutation: You have razor-sharp teeth. [Vine Stalker growth]
  3878 | D:6      | Reached XP level 8. HP: 38/38 MP: 9/9
  3885 | D:6      | Found a staircase to the Ecumenical Temple.
  3894 | Temple   | Entered the Ecumenical Temple
  4088 | Temple   | Became a worshipper of Dithmenos the Shadowed
  4342 | D:6      | Got a bloodstained hand axe
  4343 | D:6      | Identified the +9 hand axe of Grontol {speed, rC++ rN+ Stlth+} (You found it on level 6 of the Dungeon)
  5104 | D:7      | Noticed Prince Ribbit
  5119 | D:7      | Killed Prince Ribbit
  5119 | D:7      | Reached skill level 9 in Stealth
  5385 | D:7      | Reached XP level 9. HP: 39/42 MP: 10/10
  5832 | D:7      | Reached * piety under Dithmenos
  5832 | D:7      | Reached skill level 10 in Stealth
  5872 | D:7      | Noticed Menkaure
  5882 | D:7      | Killed Menkaure
  6256 | D:8      | Reached skill level 10 in Short Blades
  6630 | D:8      | Reached skill level 11 in Stealth
  6649 | D:8      | Noticed a six-headed hydra
  6763 | D:9      | Reached skill level 1 in Dodging
  6763 | D:9      | Reached XP level 10. HP: 46/46 MP: 11/11
  6786 | D:9      | Noticed Anouleth's ghost (novice NaTm)
  6975 | D:7      | Reached ** piety under Dithmenos
  6994 | D:7      | Learned a level 2 spell: Confusing Touch
  6998 | D:7      | Learned a level 3 spell: Confuse
  7235 | D:9      | Gained mutation: You are partially covered in slimy green scales (AC +2). [mutagenic meat]
  7236 | D:9      | Gained mutation: You are somewhat resistant to further mutation. [mutagenic meat]
  7351 | D:9      | Found Rarghi's Jewellery Boutique.
  7436 | D:9      | Found a shimmering altar of Xom.
  7448 | D:10     | Entered Level 10 of the Dungeon
  7498 | D:10     | Reached skill level 1 in Hexes
  7672 | D:10     | Noticed a hill giant
  7715 | D:10     | Noticed a hill giant
  7721 | D:10     | Found a staircase to the Orcish Mines.
  8855 | D:10     | Noticed a hill giant
  8867 | D:10     | Found a staircase to the Lair.
  8876 | Lair:1   | Entered Level 1 of the Lair of Beasts
  8961 | Lair:1   | Reached skill level 5 in Fighting
  9046 | Lair:1   | Reached skill level 12 in Stealth
  9082 | Lair:1   | Reached *** piety under Dithmenos
  9634 | Lair:1   | Reached XP level 11. HP: 56/56 MP: 12/12
  9836 | Lair:1   | Mangled by a polar bear

Action                   |  1- 3 |  4- 6 |  7- 9 | 10-12 || total
-------------------------+-------+-------+-------+-------++-------
Melee: Dagger            |   100 |   144 |   283 |   464 ||   991
 Fire: Blowgun           |     2 |    16 |    91 |    53 ||   162
 Cast: Confusing Touch   |       |       |       |     1 ||     1
Evoke: Wand              |       |       |       |     3 ||     3
  Use: Scroll            |       |       |       |    14 ||    14
       Potion            |       |       |       |     4 ||     4
 Stab: Sleeping          |    12 |    13 |    27 |    22 ||    74
       Confused          |       |       |     9 |     1 ||    10
       Distracted        |       |       |     1 |       ||     1
  Eat: Chunk             |       |     6 |    12 |    11 ||    29
       Royal jelly       |       |       |       |     1 ||     1
